BSA
ST. LOUIS BROWNS @ MADISON BOMBERS
08/30/2026
 
TOP OF THE 1ST
St. Louis Browns batting - Pitching for Madison Bombers : RHP Bennie Jones
Pitching: RHP Bennie Jones
Batting: SHB Ryobe Yamamoto 0-0: Called Strike
0-1: Ball
1-1: Ball
2-1: Called Strike
2-2: Ball
3-2: Base on Balls
Batting: RHB R.J. Parker 0-0: Called Strike
0-1: Ball
1-1: Ball
Ryobe Yamamoto is caught stealing 2nd base
2-1: Fly out, F9 (Flyball, 89M)
Batting: LHB Clinton Clark 0-0: Called Strike
0-1: Ball
1-1: Ball
2-1: Called Strike
2-2: Ground out 5-3 (Groundball, 5)
Top of the 1st over - 0 run(s), 0 hit(s), 0 error(s), 0 left on base; St. Louis 0 - Madison 0
BOTTOM OF THE 1ST
Madison Bombers batting - Pitching for St. Louis Browns : RHP Aaron Palmer
Pitching: RHP Aaron Palmer
Batting: RHB John Denton 0-0: Ball
1-0: Swinging Strike
1-1: Foul Ball, location: 2F
1-2: Foul Ball, location: 2F
1-2: SINGLE (Line Drive, 56)
Batting: RHB Alonso Holguín 0-0: Ball
1-0: Fly out, F3 (Popup, 3)
Batting: LHB Seung-chun Mun 0-0: Called Strike
0-1: Foul Ball, location: 2F
0-2: Foul Ball, location: 2F
0-2: Ball
1-2: Ball
2-2: Ball
3-2: Base on Balls
John Denton to second
Batting: RHB Sergio Márquez 0-0: Fly out, F6 (Popup, 6MD)
Batting: LHB Sixto Cantú 0-0: Ground out 6-3 (Groundball, 6)
Bottom of the 1st over - 0 run(s), 1 hit(s), 0 error(s), 2 left on base; St. Louis 0 - Madison 0
TOP OF THE 2ND
St. Louis Browns batting - Pitching for Madison Bombers : RHP Bennie Jones
Batting: LHB Jorge Torres 0-0: Called Strike
0-1: Ball
1-1: Called Strike
1-2: Fly out, F9 (Flyball, 9D)
Batting: RHB Yoshihide Takahashi 0-0: SINGLE (Flyball, 4MD)
Batting: RHB Mario Rosales 0-0: Ball
1-0: Foul Ball, location: 2F
1-1: Grounds into double play, U6-3 (Groundball, 6)
Top of the 2nd over - 0 run(s), 1 hit(s), 0 error(s), 0 left on base; St. Louis 0 - Madison 0
BOTTOM OF THE 2ND
Madison Bombers batting - Pitching for St. Louis Browns : RHP Aaron Palmer
Batting: SHB Dave MacThomas 0-0: Foul Ball, location: 2F
0-1: Ball
1-1: Called Strike
1-2: Strikes out swinging
Batting: RHB Cris Fuentes 0-0: Ball
1-0: Ball
2-0: Ground out 6-3 (Groundball, 56)
Batting: RHB Guo-xiu Choi 0-0: Called Strike
0-1: Fly out, F4 (Popup, 4)
Bottom of the 2nd over - 0 run(s), 0 hit(s), 0 error(s), 0 left on base; St. Louis 0 - Madison 0
TOP OF THE 3RD
St. Louis Browns batting - Pitching for Madison Bombers : RHP Bennie Jones
Batting: RHB José Flores 0-0: Ball
1-0: Ball
2-0: Called Strike
2-1: Ball
3-1: Base on Balls
Batting: RHB Anthony Rucker 0-0: Called Strike
0-1: Ball
1-1: Ball
2-1: Grounds into double play, 1-4-3 (Groundball, 15)
Batting: RHB Carlos Alfaro 0-0: Foul Ball, location: 2F
0-1: Ball
1-1: Foul Ball, location: 2F
1-2: Strikes out swinging
Top of the 3rd over - 0 run(s), 0 hit(s), 0 error(s), 0 left on base; St. Louis 0 - Madison 0
BOTTOM OF THE 3RD
Madison Bombers batting - Pitching for St. Louis Browns : RHP Aaron Palmer
Batting: RHB Quinton Martínez 0-0: Ball
1-0: Ball
2-0: SINGLE (Line Drive, 8RS)
Batting: RHB John Denton 0-0: Called Strike
0-1: Foul Ball, location: 2F
0-2: Ball
1-2: Fly out, F9 (Flyball, 9S)
Batting: RHB Alonso Holguín 0-0: Fly out, F8 (Flyball, 8RM)
0-0: Fly out, F8 (Flyball, 8RM)
Batting: LHB Seung-chun Mun 0-0: Foul Ball, location: 2F
0-1: Ground out 4-3 (Groundball, 13)
Bottom of the 3rd over - 0 run(s), 1 hit(s), 0 error(s), 1 left on base; St. Louis 0 - Madison 0
TOP OF THE 4TH
St. Louis Browns batting - Pitching for Madison Bombers : RHP Bennie Jones
Batting: SHB Ryobe Yamamoto 0-0: Called Strike
0-1: Ball
1-1: Ball
2-1: Ground out 4-3 (Groundball, 34)
Batting: RHB R.J. Parker 0-0: Foul Ball, location: 2F
0-1: Ball
1-1: Ball
2-1: Swinging Strike
2-2: Foul Ball, location: 2F
2-2: Foul Ball, location: 2F
2-2: Strikes out swinging
Batting: LHB Clinton Clark 0-0: Called Strike
0-1: Called Strike
0-2: Ball
1-2: Ball
2-2: Foul Ball, location: 2F
2-2: Ground out 4-3 (Groundball, 34)
Top of the 4th over - 0 run(s), 0 hit(s), 0 error(s), 0 left on base; St. Louis 0 - Madison 0
BOTTOM OF THE 4TH
Madison Bombers batting - Pitching for St. Louis Browns : RHP Aaron Palmer
Batting: RHB Sergio Márquez 0-0: Ball
1-0: Fly out, F6 (Line Drive, 6M)
Batting: LHB Sixto Cantú 0-0: Ball
1-0: Ball
2-0: Fly out, F7 (Line Drive, 78M)
Batting: SHB Dave MacThomas 0-0: Called Strike
0-1: Foul Ball, location: 2F
0-2: Strikes out looking
Bottom of the 4th over - 0 run(s), 0 hit(s), 0 error(s), 0 left on base; St. Louis 0 - Madison 0
TOP OF THE 5TH
St. Louis Browns batting - Pitching for Madison Bombers : RHP Bennie Jones
Batting: LHB Jorge Torres 0-0: Ball
1-0: Called Strike
1-1: DOUBLE (Line Drive, 9LM)
Batting: RHB Yoshihide Takahashi 0-0: Ground out 6-3 (Groundball, 6)
Batting: RHB Mario Rosales 0-0: Fly out, F6 (Line Drive, 6D)
Batting: RHB José Flores 0-0: Ball
1-0: Ball
2-0: Called Strike
2-1: Ground out 3-1 (Groundball, 34)
Top of the 5th over - 0 run(s), 1 hit(s), 0 error(s), 1 left on base; St. Louis 0 - Madison 0
BOTTOM OF THE 5TH
Madison Bombers batting - Pitching for St. Louis Browns : RHP Aaron Palmer
Batting: RHB Cris Fuentes 0-0: Called Strike
0-1: Ball
1-1: Foul Ball, location: 2F
1-2: Ball
2-2: SINGLE (Groundball, 34D)
Batting: RHB Guo-xiu Choi 0-0: Swinging Strike
0-1: Foul Ball, location: 2F
0-2: Foul Ball, location: 2F
0-2: Strikes out looking
Batting: RHB Quinton Martínez 0-0: Ball
1-0: Foul Ball, location: 2F
1-1: Foul Ball, location: 2F
1-2: Strikes out swinging
Batting: RHB John Denton 0-0: Called Strike
0-1: Ground out 5-3 (Groundball, 56)
Bottom of the 5th over - 0 run(s), 1 hit(s), 0 error(s), 1 left on base; St. Louis 0 - Madison 0
TOP OF THE 6TH
St. Louis Browns batting - Pitching for Madison Bombers : RHP Bennie Jones
Batting: RHB Anthony Rucker 0-0: Ball
1-0: Ball
2-0: Foul Ball, location: 2F
2-1: Ball
3-1: Foul Ball, location: 2F
3-2: SINGLE (Line Drive, 4MD)
Batting: RHB Carlos Alfaro 0-0: Ball
1-0: Ball
2-0: Foul Ball, location: 2F
2-1: Ball
3-1: Grounds into double play, 5-4-3 (Groundball, 56)
Batting: SHB Ryobe Yamamoto 0-0: Ball
1-0: Foul Ball, location: 2F
1-1: Ball
2-1: Called Strike
2-2: Ball
3-2: Foul Ball, location: 2F
3-2: Base on Balls
Batting: RHB R.J. Parker 0-0: Ball
1-0: Ball
2-0: Ball
3-0: Called Strike
3-1: SINGLE (Groundball, 4MD)
Ryobe Yamamoto to second
Runner from 2nd tries for 3rd, SAFE, no throw or cutoff
Batting: LHB Clinton Clark 0-0: Swinging Strike
0-1: Swinging Strike
0-2: Ball
1-2: SINGLE (Groundball, 4M)
Ryobe Yamamoto scores
R.J. Parker to second
Throwing error, E8
R.J. Parker scores
Clinton Clark to second
Batting: LHB Jorge Torres 0-0: Ball
1-0: Ground out 1-3 (Groundball, 23)
Top of the 6th over - 2 run(s), 3 hit(s), 1 error(s), 1 left on base; St. Louis 2 - Madison 0
BOTTOM OF THE 6TH
Madison Bombers batting - Pitching for St. Louis Browns : RHP Aaron Palmer
Batting: RHB Alonso Holguín 0-0: Ball
1-0: Swinging Strike
1-1: Fly out, F4 (Popup, 34D)
Batting: LHB Seung-chun Mun 0-0: Called Strike
0-1: Foul Ball, location: 2F
0-2: Ball
1-2: Ground out 4-3 (Groundball, 4)
Batting: RHB Sergio Márquez 0-0: Ball
1-0: Fly out, F9 (Flyball, 9D)
Bottom of the 6th over - 0 run(s), 0 hit(s), 0 error(s), 0 left on base; St. Louis 2 - Madison 0
TOP OF THE 7TH
St. Louis Browns batting - Pitching for Madison Bombers : RHP Bennie Jones
Batting: RHB Yoshihide Takahashi 0-0: Called Strike
0-1: Swinging Strike
0-2: Strikes out swinging
Batting: RHB Mario Rosales 0-0: Ball
1-0: Called Strike
1-1: Ball
2-1: Fly out, F9 (Flyball, 9D)
Batting: RHB José Flores 0-0: Ball
1-0: Ball
2-0: Foul Ball, location: 2F
2-1: Ball
3-1: Base on Balls
Batting: RHB Anthony Rucker 0-0: Ball
José Flores steals 2nd base
1-0: Ground out 5-3 (Groundball, 56)
Top of the 7th over - 0 run(s), 0 hit(s), 0 error(s), 1 left on base; St. Louis 2 - Madison 0
BOTTOM OF THE 7TH
Madison Bombers batting - Pitching for St. Louis Browns : RHP Aaron Palmer
Batting: LHB Sixto Cantú 0-0: Called Strike
0-1: Foul Ball, location: 2F
0-2: Strikes out swinging
Batting: SHB Dave MacThomas 0-0: SINGLE (Groundball, 13) (infield hit)
Batting: RHB Cris Fuentes 0-0: Ball
Dave MacThomas steals 2nd base
1-0: Ground out 6-3 (Groundball, 6M)
Dave MacThomas to third
Batting: RHB Guo-xiu Choi 0-0: Foul Ball, location: 2F
0-1: Swinging Strike
0-2: Ground out U3 (Groundball, 3S)
Bottom of the 7th over - 0 run(s), 1 hit(s), 0 error(s), 1 left on base; St. Louis 2 - Madison 0
TOP OF THE 8TH
St. Louis Browns batting - Pitching for Madison Bombers : RHP Bennie Jones
Batting: RHB Carlos Alfaro 0-0: Called Strike
0-1: Foul Ball, location: 2F
0-2: Strikes out swinging
Batting: SHB Ryobe Yamamoto 0-0: Ball
1-0: Called Strike
1-1: Foul Ball, location: 2F
1-2: Strikes out swinging
Batting: RHB R.J. Parker 0-0: Called Strike
0-1: Ball
1-1: Called Strike
1-2: Ball
2-2: Foul Ball, location: 2F
2-2: Foul Ball, location: 2F
2-2: Ball
3-2: Foul Ball, location: 2F
3-2: Base on Balls
Pitching: RHP Alonso Gallardo
Batting: LHB Clinton Clark 0-0: Ball
1-0: Called Strike
1-1: Foul Ball, location: 2F
1-2: Strikes out swinging
Top of the 8th over - 0 run(s), 0 hit(s), 0 error(s), 1 left on base; St. Louis 2 - Madison 0
BOTTOM OF THE 8TH
Madison Bombers batting - Pitching for St. Louis Browns : RHP Aaron Palmer
Now at 1B: Will Brown
Batting: RHB Quinton Martínez 0-0: Foul Ball, location: 2F
0-1: Foul Ball, location: 2F
0-2: Ball
1-2: Ball
2-2: Foul Ball, location: 2F
2-2: Strikes out looking
Batting: RHB John Denton 0-0: Fly out, F9 (Flyball, 89M)
Batting: RHB Alonso Holguín 0-0: Ball
1-0: Ball
2-0: Swinging Strike
2-1: Called Strike
2-2: Ball
3-2: Base on Balls
Pitching: RHP Beau Brown
Batting: LHB Seung-chun Mun 0-0: Ball
1-0: Ball
2-0: Ball
3-0: Called Strike
3-1: Base on Balls
Alonso Holguín to second
Pitching: RHP Kitahachi Okada
Batting: RHB Sergio Márquez 0-0: Called Strike
0-1: Called Strike
0-2: Ball
1-2: Ball
Wild Pitch!
Alonso Holguín to third
Seung-chun Mun to second
2-2: SINGLE (Line Drive, 6)
Alonso Holguín scores
Seung-chun Mun to third
Runner from 3rd tries for Home, SAFE, no throw or cutoff
Pitching: LHP Miguel Martínez
Pinch Hitting: SHB Jorge Flores 0-0: Ball
Balk!
Sergio Márquez to second
1-0: Ball
2-0: Ball
3-0: Base on Balls
Pitching: RHP John Allan
Batting: SHB Dave MacThomas 0-0: Ball
Wild Pitch!
Sergio Márquez to third
Jorge Flores to second
1-0: Ball
2-0: Ball
3-0: Base on Balls
Batting: RHB Cris Fuentes 0-0: Swinging Strike
0-1: Fly out, F9 (Flyball, 89M)
Bottom of the 8th over - 2 run(s), 1 hit(s), 0 error(s), 3 left on base; St. Louis 2 - Madison 2
TOP OF THE 9TH
St. Louis Browns batting - Pitching for Madison Bombers : RHP Alonso Gallardo
Pitching: RHP José García
Now at SS: Jorge Flores
Batting: LHB Jorge Torres 0-0: Ball
1-0: Ball
2-0: Ball
3-0: SOLO HOME RUN (Flyball, 8RXD), Distance : 421 ft
Batting: RHB Yoshihide Takahashi 0-0: Ball
1-0: Ground out 6-3 (Groundball, 6)
Batting: RHB Mario Rosales 0-0: Ball
1-0: Swinging Strike
1-1: Foul Ball, location: 2F
1-2: Ball
2-2: Foul Ball, location: 2F
2-2: Ball
3-2: Ground out 5-3 (Groundball, 5)
Batting: RHB José Flores 0-0: Ball
1-0: SINGLE (Line Drive, 6MD)
Batting: RHB Anthony Rucker 0-0: Called Strike
José Flores steals 2nd base
0-1: Fly out, F8 (Flyball, 8RD)
Top of the 9th over - 1 run(s), 2 hit(s), 0 error(s), 1 left on base; St. Louis 3 - Madison 2
BOTTOM OF THE 9TH
Madison Bombers batting - Pitching for St. Louis Browns : RHP John Allan
Pitching: LHP Brent Miller
Batting: RHB Guo-xiu Choi 0-0: SINGLE (Line Drive, 9S)
Batting: RHB Quinton Martínez 0-0: Swinging Strike
0-1: Bunted foul
0-2: Ball
1-2: Ball
2-2: Fly out, F8 (Flyball, 8LD)
Runner from 1st tags up, SAFE at 2nd
Batting: RHB John Denton 0-0: Swinging Strike
0-1: Ball
1-1: Swinging Strike
1-2: Foul Ball, location: 2F
1-2: Ball
Wild Pitch!
Guo-xiu Choi to third
2-2: Strikes out swinging
Batting: RHB Alonso Holguín 0-0: Ball
1-0: Called Strike
1-1: Swinging Strike
1-2: Strikes out swinging
Bottom of the 9th over - 0 run(s), 1 hit(s), 0 error(s), 1 left on base; St. Louis 3 - Madison 2
Monday, December 5th, 2016 - OOTP Baseball 17.12 Build 75